 Dungeon Crawl Stone Soup version 0.26.0-16-gc1dbca0489 (webtiles) character file.

Game seed: 7943882221402216032

4 Gauvater the Stinger (level 1, -3/13 HPs)
             Began as a Formicid Venom Mage on Jan 21, 2021.
             Slain by a kobold
             ... wielding a +0 short sword
              (4 damage)
             ... on level 1 of the Dungeon.
             The game lasted 00:02:09 (197 turns).

Gauvater the Stinger (Formicid Venom Mage)           Turns: 197, Time: 00:02:10

Health: -3/13      AC:  2    Str: 12    XL:     1   Next: 66%
Magic:  3/3        EV: 12    Int: 14    God:
Gold:   17         SH:  0    Dex: 11    Spells: 3/4 levels left

rFire    . . .     SeeInvis +   (no weapon)
rCold    . . .     Faith    .   (no shield)
rNeg     . . .     Spirit   .   e - +0 robe (curse)
rPois    .         Reflect  .   (helmet unavailable)
rElec    .         Harm     .   (no cloak)
rCorr    .         Rampage  .   (no gloves)
Will     .....                  (no boots)
Stlth    ++........             (no amulet)
HPRegen  0.04/turn              (no ring)
MPRegen  0.08/turn              (no ring)

@: no status effects
A: permanent stasis, dig shafts and tunnels, four strong arms, antennae 3
a: Dig, Shaft Self


You were on level 1 of the Dungeon.
You visited 1 branch of the dungeon, and saw 1 of its levels.

You collected 17 gold pieces.

Inventory:

Missiles
 b - 58 stones
Armour
 a - a +0 robe
 e - a cursed +0 robe (worn)
Scrolls
 c - a scroll of identify {unknown}
Potions
 d - a potion of curing {unknown}


   Skills:
 + Level 1.9 Dodging
 + Level 2.4 Stealth
 + Level 2.1 Spellcasting
 + Level 1.1 Transmutations
 + Level 4.2 Poison Magic


You had 3 spell levels left.
You knew the following spells:

 Your Spells              Type           Power        Failure   Level
a - Sting                 Tmut/Pois      36%          8%          1

Your spell library contained the following spells:

 Spells                   Type           Power        Failure   Level
 Poisonous Vapours        Pois/Air       14%          14%         2
 Ignite Poison            Fire/Tmut/Pois 6%           32%         3
 Mephitic Cloud           Conj/Pois/Air  5%           36%         3
 Olgreb's Toxic Radiance  Pois           13%          36%         4


Dungeon Overview and Level Annotations

Branches:
Dungeon (1/15)

Altars:


Innate Abilities, Weirdness & Mutations

You cannot be hasted, slowed, berserked, paralysed or teleported.
You can dig through walls and to a lower floor.
Your four strong arms can wield two-handed weapons with a shield.
You have a pair of large antennae on your head. (SInv)


Message History

A dart slug comes into view.
Found a murky inky potion.
Found a stone staircase leading down.
A rat comes into view.
The kobold barely misses you. The dart slug launches a dart at you.
The slug dart hits you.
* * * LOW HITPOINT WARNING * * *
A kobold comes into view. It is wielding a +0 whip.
You hit the kobold but do no damage. The kobold barely misses you.
The kobold throws a stone.
The stone closely misses you. The kobold misses you.
The kobold throws a stone.
The stone barely misses you.
You see here a stone.
The kobold hits you with a +0 short sword.
* * * LOW HITPOINT WARNING * * *
A rat comes into view.
Found 10 stones.
You see here a scroll labelled TAMEKH CO XIP.
The rat twitches its whiskers.
The kobold hits you with a +0 short sword.
You die...

...................#...####.#..
..........#........#..## #.##.
...................##..## #.#..
....................#...###..#.
......)...?.........##...##..#.
#........#..r......###...#.##.
#########.#.rg..........##.......
#.......{.###.$K.........##..##..
#.....g{..g.....@....###..##..##.
#.........###†.............##....
#...........................#####
#.........###.........####.......
..........# #.........# #.......
########### #.........# #.......
# ##.......## #....... #
##.....#######...... #
#####.............>..


You could see a hobgoblin, a goblin, a kobold and 2 rats.

Vanquished Creatures
  A bat (D:1)
  A goblin (D:1)
  A hobgoblin (D:1)
3 creatures vanquished.

Notes
Turn   | Place    | Note
-------+----------+-------------------------------------------
     0 | D:1      | Gauvater the Formicid Venom Mage began the quest for the
                  | Orb.
     0 | D:1      | Reached XP level 1. HP: 13/13 MP: 3/3
   197 | D:1      | Slain by a kobold

Illustrated notes

Levels and vault maps discovered:
D:1:      dpeg_chamrin_arrival_tetris, layout_rooms, st_stairs_5,
          grunt_decor_cap

Action                   || total
-------------------------++-------
Melee: Unarmed           ||     4
 Cast: Sting             ||     5
Armor: Robe              ||     1
Dodge: Dodged            ||    11
